 Dungeon Crawl Stone Soup version 0.20.1-1-g8b1a95d (webtiles) character file.

235 Schiappus the Chopper (level 5, -6/42 HPs)
             Began as a Demonspawn Berserker on Sept 18, 2017.
             Was a Believer of Trog.
             Killed by divine providence
             ... invoked by an orc priest
              (11 damage)
             ... on level 4 of the Dungeon.
             The game lasted 00:11:23 (2958 turns).

Schiappus the Chopper (Demonspawn Berserker)        Turns: 2958, Time: 00:11:24

Health: -6/42      AC: 13    Str: 18    XL:     5   Next: 76%
Magic:  5/5        EV:  5    Int:  8    God:    Trog [**....]
Gold:   240        SH:  8    Dex: 13    Spells: 4/4 levels left

rFire    x . .     SeeInvis .   n - +2 hand axe (chop)
rCold    + . .     Gourm    .   g - +0 shield
rNeg     . . .     Faith    .   k - +0 plate armour
rPois    .         Spirit   .   (helmet restricted)
rElec    .         Reflect  .   (no cloak)
rCorr    .         Harm     .   (no gloves)
MR       .....                  (no boots)
Stlth    ..........             (no amulet)
Regen    0.2/turn               s - +2 ring of protection
MPRegen  0.1/turn               b - ring of ice

@: no status effects
A: antennae 1, repulsion field 1, demonic guardian 1
a: Berserk, Trog's Hand, Burn Spellbooks, Renounce Religion


You were on level 4 of the Dungeon.
You worshipped Trog.
Trog was pleased with you.
You were not hungry.

You visited 1 branch of the dungeon, and saw 4 of its levels.

You collected 240 gold pieces.

Inventory:

Hand Weapons
 a - a +1 hand axe
 n - a +2 hand axe of chopping (weapon)
Armour
 g - a +0 shield (worn)
 k - a +0 plate armour (worn)
Jewellery
 b - a ring of ice (right hand)
 q - a -3 ring of strength
 s - a +2 ring of protection (left hand)
Scrolls
 d - a scroll of fear
 e - 2 scrolls of identify
 h - a scroll of remove curse
 i - 3 scrolls of teleportation
 m - a scroll of enchant weapon
 r - a scroll of amnesia
Potions
 j - a potion of curing
 l - 2 potions of invisibility
 p - 2 potions of lignification
Comestibles
 c - a bread ration
 f - 2 royal jellies
 o - a chunk of flesh


   Skills:
 + Level 3.9 Fighting
 + Level 4.0 Axes
 + Level 3.1 Armour
 + Level 2.1 Dodging
 + Level 1.8 Shields


You had 4 spell levels left.
You didn't know any spells.

Dungeon Overview and Level Annotations

Branches:
Dungeon (4/15)
 Temple: D:4-7

Altars:


Innate Abilities, Weirdness & Mutations

You have a pair of small antennae on your head.
You are surrounded by a mild repulsion field. (EV +2)
A weak demonic guardian rushes to your aid.


Message History

The orc priest is severely wounded.
Your ufetubus disappears in a puff of smoke!
The orc priest invokes the aid of Beogh against you.
Pain shoots through your body!
You hit the orc priest but do no damage.
The orc priest is severely wounded.
The orc priest hits you but does no damage. x2
You hit the orc priest but do no damage.
The orc priest is severely wounded.
The orc priest hits you but does no damage.
You closely miss the orc priest.
The orc priest is severely wounded.
The orc priest mumbles some strange prayers to Beogh against you.
Pain shoots through your body!
* * * LOW HITPOINT WARNING * * *
You closely miss the orc priest.
The orc priest is severely wounded.
The orc priest calls down the wrath of Beogh upon you.
Beogh smites you!
You die...

o.$.......###
...........
o........
....... .....
...
##############
#.#
...........).#
#o#
############.#
#@#
#)###.###...
#)...........
#............
#...#########
#..<# #...#{
##..# ....#


You could see an orc priest.

Vanquished Creatures
  An orc wizard (D:4)
  A gnoll (D:2)
  4 adders (D:2)
  2 oozes
  A worm (D:2)
  A dart slug (D:2)
  A leopard gecko (D:3)
  10 orcs
  2 ball pythons
  3 giant cockroaches
  7 goblins
  4 hobgoblins
  4 jackals (D:2)
  5 kobolds
  A quokka (D:3)
  2 bats
  2 frilled lizards
  7 rats
58 creatures vanquished.

Vanquished Creatures (collateral kills)
  A centaur (D:3)
  An orc wizard (D:3)
  4 orcs
6 creatures vanquished.

Grand Total: 64 creatures vanquished

Notes
Turn   | Place    | Note
-------+----------+-------------------------------------------
     0 | D:1      | Schiappus the Demonspawn Berserker began the quest for the Orb.
     0 | D:1      | Reached XP level 1. HP: 18/18 MP: 1/1
   233 | D:1      | Gained mutation: You have a pair of small antennae on your head. [demonic ancestry]
   233 | D:1      | Reached XP level 2. HP: 18/24 MP: 2/2
   952 | D:2      | Reached skill level 3 in Axes
   961 | D:2      | Gained mutation: You are surrounded by a mild repulsion field. (EV +2) [demonic ancestry]
   961 | D:2      | Reached XP level 3. HP: 14/29 MP: 3/3
   975 | D:2      | HP: 1/29 [gnoll (3)]
  1339 | D:2      | Gained mutation: A weak demonic guardian rushes to your aid. [demonic ancestry]
  1339 | D:2      | Reached XP level 4. HP: 6/36 MP: 4/4
  2170 | D:3      | Reached ** piety under Trog
  2362 | D:3      | Noticed a centaur
  2402 | D:3      | Killed a centaur
  2402 | D:3      | Reached skill level 1 in Shields
  2402 | D:3      | Reached XP level 5. HP: 25/42 MP: 5/5
  2494 | D:3      | Found a faded altar of an unknown god.
  2909 | D:4      | Reached skill level 4 in Axes
  2958 | D:4      | Killed from afar by an orc priest

Skill      XL: |  1  2  3  4  5 |
---------------+----------------+-----
Armour         | 2 3 |  3.1
Dodging        | 2 |  2.1
Axes           | 3 4 |  4.0
Shields        | 1 |  1.8
Fighting       | |  3.9

Action                   |  1- 3 |  4- 6 || total
-------------------------+-------+-------++-------
Melee: Hand axe          |   110 |   144 ||   254
  Use: Scroll            |     4 |     5 ||     9
       Potion            |     1 |     4 ||     5
  Eat: Bread ration      |     1 |       ||     1
       Chunk             |       |     2 ||     2
Armor: Animal skin       |    11 |       ||    11
       Plate armour      |    63 |   105 ||   168
Dodge: Dodged            |    70 |    28 ||    98
Block: Shield            |    17 |    53 ||    70
